 Dungeon Crawl Stone Soup version 0.31-a0-358-gac0dbeb3ab (webtiles) character file.

Game seed: 3939857705751920230

350 packetloss the Sneak (level 6, -1/36 HPs)
             Began as an Octopode Venom Mage on July 25, 2023.
             Splashed by a jelly's acid (3 damage)
             ... on level 4 of the Dungeon.
             The game lasted 00:16:58 (4545 turns).

packetloss the Sneak (Octopode Venom Mage)          Turns: 4545, Time: 00:16:59

Health: -1/36      AC: -3    Str:  7    XL:     6   Next: 60%
Magic:  17/18      EV: 13    Int: 19    God:
Gold:   202        SH:  0    Dex: 13    Spells: 4/10 levels left

rFire   . . .        d - +0 short sword (speed)
rCold   . . .        (no shield)
rNeg    . . .        (helmet currently unavailable)
rPois   .            (no amulet)
rElec   .            m - ring of magical power
rCorr   .            (no ring)
SInv    .            (no ring)
Will    .....        (no ring)
Stlth   ++++         (no ring)
HPRegen 0.26/turn    (no ring)
MPRegen 0.16/turn    (no ring)
                     (no ring)

%: no passive effects
@: beast-form, corroded
A: beast (slay +0), almost no armour, amphibious, 8 rings, camouflage 1,
gelatinous body 1, (nimble swimmer 1), tentacles, MP-powered wands
a: Begin Untransformation


You were on level 4 of the Dungeon.
You were a hulking beast.
You visited 1 branch of the dungeon, and saw 4 of its levels.

You collected 202 gold pieces.

Inventory:

Hand Weapons
 a - a +3 dagger of venom
 c - a +0 short sword
 d - a +0 short sword of speed (weapon)
 p - a +0 dagger of holy wrath
 w - a +0 rapier
Missiles
 b - 11 poisoned darts
 t - a throwing net
Magical Staves
 r - a staff of air
Jewellery
 m - a ring of magical power (left tentacle)
Talismans
 o - a beast talisman
Scrolls
 f - 3 scrolls of identify {unknown}
 h - a scroll of butterflies {unknown}
 i - a scroll of noise {unknown}
 j - a scroll of amnesia {unknown}
 n - a scroll of revelation {unknown}
 q - 2 scrolls of teleportation {unknown}
 u - a scroll of vulnerability
Potions
 e - 2 potions of heal wounds {unknown}
 g - 3 potions of attraction
 k - a potion of berserk rage {unknown}
 l - a potion of magic
 s - a potion of haste {unknown}


   Skills:
 - Level 2.0 Dodging
 + Level 4.8 Stealth
 + Level 2.6 Spellcasting
 + Level 2.8 Conjurations
 - Level 1.0 Transmutations
 - Level 3.2 Air Magic
 + Level 4.3 Poison Magic
 + Level 1.3 Shapeshifting


You had 4 spell levels left.
You knew the following spells:

 Your Spells              Type           Power      Damage    Failure   Level
a - Sting                 Tmut/Pois      48%        1d5       5%          1
b - Poisonous Vapours     Pois/Air       32%        N/A       4%          2
c - Mephitic Cloud        Conj/Pois/Air  15%        N/A       12%         3

Your spell library contained the following spells:

 Spells                   Type           Power      Damage    Failure   Level
 Dazzling Flash           Conj/Hex       14%        N/A       26%         3
 Olgreb's Toxic Radiance  Pois           18%        N/A       26%         4
 Ozocubu's Armour         Ice            2%         N/A       43%         3
 Volatile Blastmotes      Fire/Tloc      4%         2d10      43%         3
 Starburst                Conj/Fire      3%         6d3       100%        6
 Ozocubu's Refrigeration  Ice            1%         4d7       100%        7
 Maxwell's Capacitive Co  Air            7%         ∞         100%        8


Dungeon Overview and Level Annotations

Branches:
Dungeon (4/15)
 Temple: D:4-7

Altars:
Qazlal
Xom

Annotations:
D:3 1 transporter, Soraphim's ghost, amateur MiBe


Innate Abilities, Weirdness & Mutations

You are a hulking beast.
Your limbs bulge with bestial killing power. (Slay +0)
You cannot wear most types of armour.
You are amphibious.
You can wear up to eight rings at the same time.
Your skin changes colour to match your surroundings (Stealth+).
Your rubbery body absorbs attacks. (AC +1, EV +1)
((You are camouflaged when in or above water. (Stealth+)))
You have tentacles for arms and can constrict up to eight enemies at once.
You expend magic power (3 MP) to strengthen your wands.


Message History

Your +3 dagger of venom stops dripping with poison.
Your tentacles tingle!
d - a +0 short sword of speed (weapon)
The jelly hits you.
You are splashed with acid.
You hit the jelly.
Your tentacles burn!
You squeeze the jelly.
The jelly is moderately wounded.
You hit the jelly.
Your tentacles burn!
The jelly is heavily wounded.
The jelly hits you.
You are splashed with acid.
You hit the jelly.
Your tentacles burn!
The jelly is severely wounded.
The jelly hits you.
* * * LOW HITPOINT WARNING * * *
The acid corrodes you!
You are splashed with acid!
* * * LOW HITPOINT WARNING * * *
You feel better.
The jelly jiggles.
The jelly barely misses you.
You hit the jelly but do no damage.
Your tentacles burn!
The jelly is severely wounded.
The jelly closely misses you.
You hit the jelly.
Your tentacles burn!
The jelly is severely wounded.
Casting: Poisonous Vapours (safe; 4% risk of failure)
Confirm with . or Enter, or press ? or * to list all spells.
Okay, then.
Unknown command.
Casting: Poisonous Vapours (safe; 4% risk of failure)
Confirm with . or Enter, or press ? or * to list all spells.
Aiming: Sting (safe; 5% risk of failure)
Press: ? - help, Shift-Dir - straight line, f - jelly
Aim: a jelly (severely wounded, 100% to hit)
The sting hits the jelly.
The jelly partially resists.
The jelly is almost dead.
The jelly hits you.
* * * LOW HITPOINT WARNING * * *
The acid corrodes you!
You are splashed with acid!
* * * LOW HITPOINT WARNING * * *
You hit the jelly.
Your tentacles burn!
You die...

#...................######...J.#J
#........).......................
#....#..............#...####.....
#....#.........##...'...#####....
#P..8#...##....'....#............
#..PP#..####...#.#..#...#######.[
#8......#~_#...#.................
#P.8.#..##.#...####..........##..
##...#...'.#....hJ.....<.....#...
###....##.#.....##..........#...
###..#≈_#.....##.......####...
#..####.....###.........[...
######...##......###.............
#.................##.............
#.................##........)....
#.................##.............
#.................##........>....


You could see a jelly.

Vanquished Creatures
  Duvessa (D:4)
  A water moccasin zombie (D:4)
  Dowan (D:4)
  An orc wizard (D:3)
  Robin (D:3)
  A worm (D:4)
  3 dart slugs
  5 orcs
  9 ball pythons
  8 bats
  6 endoplasms
  4 giant cockroaches
  11 hobgoblins
  8 kobolds
  5 quokkas
  4 frilled lizards
  15 goblins
  7 rats
91 creatures vanquished.

Notes
Turn   | Place    | Note
-------+----------+-------------------------------------------
     0 | D:1      | packetloss the Octopode Venom Mage began the quest for the
                  | Orb.
     0 | D:1      | Reached XP level 1. HP: 11/11 MP: 3/3
    44 | D:1      | Reached skill level 1 in Air Magic
    85 | D:1      | Reached XP level 2. HP: 17/17 MP: 5/5
    88 | D:1      | Learned a level 2 spell: Poisonous Vapours
   216 | D:1      | Reached skill level 1 in Conjurations
   271 | D:1      | Reached skill level 3 in Stealth
   318 | D:1      | Reached XP level 3. HP: 21/21 MP: 6/6
   421 | D:1      | Reached skill level 2 in Air Magic
   553 | D:1      | Learned a level 3 spell: Mephitic Cloud
  1505 | D:2      | Reached XP level 4. HP: 23/27 MP: 4/7
  2536 | D:3      | Noticed Robin
  2839 | D:3      | Killed Robin
  3036 | D:3      | Reached skill level 3 in Air Magic
  3131 | D:3      | Reached skill level 2 in Conjurations
  3131 | D:3      | Reached XP level 5. HP: 19/31 MP: 8/8
  3285 | D:3      | Noticed Soraphim's ghost (amateur MiBe)
  3285 | D:3      | Identified the +4 dire flail "Juhag Myhoe" {protect, +Blink
                  | Str+3 Int+5 Dex-2}
  3285 | D:3      | Noticed an ogre
  3286 | D:3      | Found a transporter.
  3289 | D:3      | Noticed an ogre
  3447 | D:4      | Noticed Dowan
  3447 | D:4      | Noticed Duvessa
  3585 | D:4      | Reached skill level 4 in Stealth
  3963 | D:4      | Killed Duvessa
  3964 | D:4      | Reached skill level 4 in Poison Magic
  3964 | D:4      | Reached skill level 1 in Shapeshifting
  3964 | D:4      | Reached XP level 6. HP: 11/36 MP: 9/9
  3974 | D:4      | Killed Dowan
  3974 | D:4      | HP: 9/36 [poisoned by Dowan]
  3976 | D:4      | Gained mutation: You expend magic power (3 MP) to
                  | strengthen your wands. [potion of mutation]
  3980 | D:4      | HP: 8/36 [orc/+0 dagger (3)]
  4497 | D:4      | Found a stormy altar of Qazlal.
  4497 | D:4      | Found a shimmering altar of Xom.
  4540 | D:4      | HP: 2/36 [acid (8)]
  4545 | D:4      | Splashed by a jelly's acid

Illustrated notes

Levels and vault maps discovered:
D:1:      onia_arrival_handbag, layout_basic
D:2:      layout_basic
D:3:      layout_basic, gammafunk_ghost_smash, hangedman_decor_opposing,
          chequers_mini_garden, uniq_robin
D:4:      layout_basic, gammafunk_temple_overflow_elements, serial_undead,
          serial_undead_c, serial_undead_b, serial_undead_e, serial_undead_c,
          uniq_duvessa

Skill      XL: |  1  2  3  4  5 |
---------------+----------------+-----
Air Magic      | 1 2 3 |  3.2
Conjurations   | 1 2 |  2.8
Stealth        | 3 4 |  4.8
Poison Magic   | 4 |  4.3
Shapeshifting  | 1 |  1.3
Dodging        | |  2.0
Spellcasting   | |  2.6
Transmutations | |  1.0

Action                     |  1- 3 |  4- 6 || total
---------------------------+-------+-------++-------
  Melee: Unarmed           |     7 |       ||     7
         Constrict         |    17 |    11 ||    28
         Short sword       |    61 |    51 ||   112
         Tentacles         |    11 |    18 ||    29
         Punch             |       |     2 ||     2
         Dagger            |       |     8 ||     8
   Cast: Sting             |     6 |     5 ||    11
         Poisonous Vapours |    17 |    62 ||    79
         Mephitic Cloud    |       |     4 ||     4
    Use: Scroll            |       |     1 ||     1
         Potion            |       |     4 ||     4
   Stab: Sleeping          |    17 |     4 ||    21
         Confused          |       |     1 ||     1
 Armour: Skin              |     5 |     3 ||     8
  Dodge: Dodged            |    34 |    16 ||    50
   Form: Beast             |       |     1 ||     1

Table legend: (Time is in decaauts)
 A = Elapsed time spent in this place.
 B = Non-inter-level travel time spent in this place.
 C = Inter-level travel time spent in this place.
 D = Time resting spent in this place.
 E = Time spent auto-exploring this place.
 F = Levels seen in this place.
 G = Mean time per level.
                   A        B        C        D        E       F      G
               +--------+--------+--------+--------+--------+-----+--------+
         Total |   4545 |   4165 |    380 |    998 |   1740 |   4 | 1136.2 |
       Dungeon |   4545 |   4165 |    380 |    998 |   1740 |   4 | 1136.2 |
               +--------+--------+--------+--------+--------+-----+--------+

Top non-repeatable levels by time:
     D:3: 1625 daAuts
     D:2: 1150 daAuts
     D:1: 907 daAuts
     D:4: 862 daAuts
